 Dungeon Crawl Stone Soup version 0.32-a0-768-g0f6f1dd4b9 (webtiles) character file.

Game seed: 5884644387554142024

14581 Xavori the Prestidigitator (level 12, 0/85 HPs)
             Began as a Djinni Chaos Knight on Mar 18, 2024.
             Was a Plaything of Xom.
             Slain by an unseen horror (8 damage)
             ... on level 11 of the Dungeon.
             The game lasted 00:19:47 (20360 turns).

Xavori the Prestidigitator (Djinni Chaos Knight)   Turns: 20360, Time: 00:19:48

Health: 0/85       AC:  9    Str: 10    XL:     12   Next: 47%
Gold:   1179       EV: 14    Int: 14    God:    Xom [*.....] SH: 10 Dex: 19

rFire   + + .        a - +0 falchion (chaos)
rCold   . . .        D - +0 buckler
rNeg    + + .        b - +2 leather armour
rPois   ∞            (no helmet)
rElec   +            E - +2 ratskin cloak {*Rats rPois rN+ Str-1 Int-1 Dex+1}
rCorr   .            (no gloves)
SInv    .            (boots unavailable)
Will    +....        A - amulet of regeneration Stlth
                     y - ring of Ydghousk {rElec rPois rN+ Dex+3 SH+5 Stlth-}
HPRegen 1.14/turn    t - ring of protection from cold
MPRegen 0.00/turn

%: infuse magic (-1 HP)
@: flying
A: sickness immunity, fire resistance 2, cold vulnerability 1, float, innate
caster, HP casting, extra vitality 1, dopey 1, teleportitis 1, persistent drain
a: Renounce Religion


You were on level 11 of the Dungeon.
You worshipped Xom.
You were a special plaything of Xom.
You visited 1 branch of the dungeon, and saw 11 of its levels.
You also visited: Bailey.

You collected 1966 gold pieces.
You spent 787 gold pieces at shops.

Inventory:

Hand Weapons
 a - a +0 falchion of chaos (weapon)
Missiles
 w - 2 throwing nets (quivered)
Armour
 b - a +2 leather armour (worn)
 m - a +0 troll leather armour
 D - a +0 buckler (worn)
 E - the +2 ratskin cloak (worn) {*Rats rPois rN+ Str-1 Int-1 Dex+1}
   (You found it on level 7 of the Dungeon)

   *Rats:     When the wearer is hurt, rats may emerge from it to assist them.
   Str-1:     It affects your strength (-1).
   Int-1:     It affects your intelligence (-1).
   Dex+1:     It affects your dexterity (+1).
   rPois:     It protects you from poison.
   rN+:       It protects you from negative energy.
Jewellery
 p - an amulet of the acrobat
 t - a ring of protection from cold (right hand)
 v - a +4 ring of protection
 y - the ring of Ydghousk (left hand) {rElec rPois rN+ Dex+3 SH+5 Stlth-}
   (You bought it in a shop on level 6 of the Dungeon)

   [ring of positive energy]

   Dex+3:     It affects your dexterity (+3).
   rElec:     It insulates you from electricity.
   rPois:     It protects you from poison.
   rN+:       It protects you from negative energy.
   SH+5:      It affects your SH (+5).
   Stlth-:    It makes you less stealthy.
 A - an amulet of regeneration (around neck)
Wands
 o - a wand of charming (18)
 B - a wand of polymorph (2)
 C - a wand of flame (19)
 F - a wand of digging (4)
Scrolls
 c - a scroll of butterflies
 g - 4 scrolls of fog
 j - 3 scrolls of vulnerability
 n - 4 scrolls of poison
 r - 5 scrolls of teleportation
 z - a scroll of enchant weapon
 H - a scroll of brand weapon
 I - a scroll of summoning
 J - a scroll of enchant armour
 L - a scroll of blinking
 N - a scroll of identify
 O - a scroll of immolation {unknown}
Potions
 d - a potion of might {unknown}
 e - a potion of berserk rage {unknown}
 f - 4 potions of enlightenment
 h - a potion of curing
 i - 3 potions of degeneration {unknown}
 k - 3 potions of haste
 q - a potion of magic {unknown}
 s - 3 potions of cancellation
 u - 2 potions of brilliance {unknown}
 x - a potion of ambrosia {unknown}
 K - a potion of heal wounds {unknown}
 M - a potion of resistance {unknown}
Miscellaneous
 l - a sack of spiders
 G - a condenser vane (inert)


   Skills:
 + Level 7.4 Fighting
 + Level 6.7 Long Blades
 + Level 6.7 Armour
 + Level 7.7 Dodging
 + Level 4.1 Shields
 * Level 7.3 Spellcasting
 * Level 7.3 Conjurations
 * Level 7.3 Hexes
   Level 0.0 Charms
 * Level 7.3 Summonings
 * Level 7.3 Necromancy
 * Level 7.3 Translocations
   Level 0.0 Transmutations
 * Level 7.3 Fire Magic
 * Level 7.3 Ice Magic
 * Level 7.3 Air Magic
 * Level 7.3 Earth Magic
 * Level 7.3 Alchemy
 * Level 9.6 Evocations


You knew the following spells:

 Your Spells              Type           Power      Damage    Failure   Level
a - Sandblast             Erth           50%        2d12      1%          1
b - Call Imp              Summ           50%        N/A       1%          2
c - Summon Ice Beast      Ice/Summ       25%        N/A       3%          3
d - Leda's Liquefaction   Alch/Erth      12%        N/A       12%         4
e - Fireball              Conj/Fire      12%        3d7       34%         5
Your spell library was empty.

Dungeon Overview and Level Annotations

Branches:
Dungeon (11/15)            Temple (0/1) D:7            Lair (0/5) D:10
    Orc (0/2) D:10         Bailey (visited)

Altars:
Ashenzari
Elyvilon
Makhleb
Nemelex Xobeh
Xom
The Shining One

Shops:
D:6 =

Annotations:
D:7 exclusion: ice statue


Innate Abilities, Weirdness & Mutations

You are immune to sickness and miasma.
You are immune to poison.
Your flesh is very heat resistant. (rF++)
You are vulnerable to cold. (rC-)
You float through the air rather than walking.
You learn spells naturally, not from books.
Your magical power is your life essence.
You have superior vitality. (+4 MHP)
You are dopey. (Int -2)
You are occasionally teleported next to monsters.
Your health recovers twice as slowly from being drained.


Message History

Something barely misses you. Something hits you but does no damage.
You barely miss something.
Something hits you but does no damage. x2
Something hits you.
Casting: Summon Ice Beast (mildly dangerous; 3% risk of failure)
Confirm with . or Enter, or press ? or * to list all spells.
A tiny devil pulls itself out of the air.
You block something's attack. Something barely misses you.
You miss something. Something barely misses you.
Something hits you but does no damage.
You hit something but do no damage.
Something hits you but does no damage. x2
Something barely misses you.
You swing at nothing.
You block something's attack.
You hit something. Something hits you but does no damage.
You closely miss something. You block something's attack.
Something hits you but does no damage. You block something's attack.
You swing at nothing.
Something hits you but does no damage.
You swing at nothing.
Something hits you but does no damage. x2
Something barely misses you.
You barely miss something. Something hits you.
You barely miss something. Something hits you.
Aiming: Throw Flame
Press: ? - help, Shift-Dir - straight line The puff of flame hits something.
Something hits you! Something hits you but does no damage.
You barely miss something.
Something hits you but does no damage. x2
Something hits you! Something completely misses you.
You closely miss something. Something hits you.
Aiming: Throw Flame
Press: ? - help, Shift-Dir - straight line The puff of flame hits something.
Something hits you. Something hits you!
* * * LOW HITPOINT WARNING * * *
You miss something. You block something's attack. Something hits you!
* * * LOW HITPOINT WARNING * * *
You hit something but do no damage. Something hits you.
* * * LOW HITPOINT WARNING * * *
Something hits you but does no damage. x2; Something hits you.
* * * LOW HITPOINT WARNING * * *
Something hits you!
You die... "Boring in life, boring in death..."

..# #. #.#######
#..#####........
#......{..$.....
#...............
#.######.####### ..
#. #.# ..
#.######.#######.
#..5@{.)........ .
#..##########..# #
#..##########..# #
#..............######
#....................
#..#####.............
#..# #..=..........
#..#####.............
#....................


You could see a friendly cerulean imp (summoned).

Vanquished Creatures
  A two-headed ogre (D:8)
  An orc knight (Bailey)
  3 trolls (D:10)
  A wind drake (D:9)
  A shadow (D:10)
  10 yaks
  Grum (D:11)
  A wraith (D:11)
  A vampire mosquito (D:6)
  A steam dragon (D:9)
  4 ice beasts
  6 orc warriors
  A sky beast (D:5)
  2 wolves (D:11)
  An ogre (D:10)
  2 centaurs
  A phantom (D:5)
  4 bullfrogs
  6 kobold brigands
  3 gnoll sergeants
  3 scorpions
  6 wights
  18 killer bees
  A howler monkey (D:5)
  2 vampire bats (D:10)
  3 electric eels
  A crimson imp (D:9)
  A bombardier beetle (D:5)
  2 orc priests
  4 hounds
  2 jellies
  2 sleepcaps
  Natasha (D:2)
  7 orc wizards
  5 hell rats (D:7)
  10 adders
  19 gnolls
  23 river rats (D:7)
  A white imp (D:8)
  2 ufetubi (D:7)
  2 dart slugs
  2 ribbon worms
  28 orcs
  6 ball pythons
  6 bats
  5 bat skeletons (D:10)
  4 endoplasms
  4 giant cockroaches
  12 goblins
  4 hobgoblins
  6 quokkas
  3 frilled lizards
  21 kobolds
  3 rats
270 creatures vanquished.

Vanquished Creatures (collateral kills)
  2 two-headed ogres
  A deep elf pyromancer (Bailey)
  A cyclops (D:10)
  A gargoyle (D:10)
  A kobold demonologist (D:11)
  A komodo dragon (D:10)
  2 trolls (D:11)
  The ghost of audacious124 the Chopper, an amateur MDFi (D:4)
  A shadow (D:8)
  5 yaks
  A vampire mosquito (D:6)
  5 orc warriors
  2 wolves
  A wight (D:6)
  3 killer bees
  An electric eel (D:9)
  2 orc priests
  An iguana (D:10)
  2 orc wizards
  A hell rat (D:7)
  2 gnolls (D:5)
  11 orcs
  A bat skeleton (D:10)
  6 kobolds
55 creatures vanquished.

Vanquished Creatures (others)
  2 vampire mosquitoes (D:6)
  An orc warrior (Bailey)
  A wight (D:8)
  A killer bee (D:9)
  A hell rat (D:7)
  A river rat (D:7)
  A river rat zombie (D:7)
8 creatures vanquished.

Grand Total: 333 creatures vanquished

Notes
Turn   | Place    | Note
-------+----------+-------------------------------------------
     0 | D:1      | Xavori the Djinni Chaos Knight began the quest for the Orb.
     0 | D:1      | Reached XP level 1. HP: 20/20 MP: 0/0
   309 | D:1      | Reached XP level 2. HP: 24/25 MP: 0/0
   449 | D:1      | Reached XP level 3. HP: 27/30 MP: 0/0
   449 | D:1      | Learned a level 1 spell: Sandblast
   523 | D:1      | Reached skill level 1 in Spellcasting
   523 | D:1      | Reached skill level 1 in Conjurations
   523 | D:1      | Reached skill level 1 in Hexes
   523 | D:1      | Reached skill level 1 in Summonings
   523 | D:1      | Reached skill level 1 in Necromancy
   523 | D:1      | Reached skill level 1 in Translocations
   523 | D:1      | Reached skill level 1 in Fire Magic
   523 | D:1      | Reached skill level 1 in Ice Magic
   523 | D:1      | Reached skill level 1 in Air Magic
   523 | D:1      | Reached skill level 1 in Earth Magic
   523 | D:1      | Reached skill level 1 in Alchemy
   801 | D:1      | XOM is BORED!
   926 | D:1      | XOM: silly message
  1036 | D:1      | XOM: scenery: summon butterflies
  1057 | D:1      | XOM: god gift: sack of spiders
  1134 | D:1      | XOM: scenery: summon butterflies
  1456 | D:1      | XOM: cloud trail
  2234 | D:1      | XOM: god gift: book of Lightning
  3004 | D:1      | XOM: give mutations
  3004 | D:1      | Gained mutation: You possess an exceptional clarity of
                  | mind. [Xom's mischief]
  3004 | D:1      | Gained mutation: You are weak. (Str -2) [Xom's mischief]
  3004 | D:1      | Gained mutation: Armour fits poorly on your strangely
                  | shaped body. [Xom's mischief]
  3491 | D:1      | XOM: noise
  4656 | D:1      | XOM: torment (16/30 hp)
  6378 | D:1      | XOM is BORED!
  6509 | D:1      | XOM: give mutations
  6509 | D:1      | Gained mutation: You are dopey. (Int -2) [Xom's mischief]
  6509 | D:1      | Gained mutation: You are very dopey. (Int -4) [Xom's
                  | mischief]
  7426 | D:1      | XOM: 1-stop teleportation journey
  7537 | D:1      | XOM: scenery: create altars
  7554 | D:1      | XOM: scenery: create altars
  8159 | D:1      | XOM is BORED!
  8159 | D:1      | XOM: summons 2 hostile demons
  8918 | D:1      | XOM: give mutation
  8918 | D:1      | Gained mutation: You are agile. (Dex +4, Str/Int -1) [Xom's
                  | grace]
  8929 | D:1      | XOM: god gift: 3 atropa-tipped darts
  9196 | D:1      | XOM: give mutations
  9196 | D:1      | Gained mutation: You are resistant to electric shocks.
                  | (rElec) [Xom's mischief]
  9196 | D:1      | Lost mutation: Armour fits poorly on your strangely shaped
                  | body. [Xom's mischief]
  9196 | D:1      | Gained mutation: You are robust. (+10% HP) [Xom's mischief]
  9664 | D:2      | XOM: give mutation
  9664 | D:2      | Gained mutation: Your body sometimes deteriorates upon
                  | taking damage. [Xom's mischief]
  9714 | D:2      | XOM is BORED!
  9714 | D:2      | XOM: give mutations
  9714 | D:2      | Gained mutation: You have a pair of small horns on your
                  | head. [Xom's mischief]
  9714 | D:2      | Lost mutation: You have a pair of small horns on your head.
                  | [Xom's mischief]
  9714 | D:2      | Lost mutation: You are weak. (Str -2) [Xom's mischief]
  9881 | D:2      | Noticed Natasha
  9885 | D:2      | Killed Natasha
  9886 | D:2      | Reached XP level 4. HP: 36/38 MP: 0/0
 10043 | D:2      | Reached skill level 1 in Evocations
 10105 | D:3      | XOM: noise
 10215 | D:3      | Found a shimmering altar of Xom.
 10252 | D:3      | Reached XP level 5. HP: 41/44 MP: 0/0
 10252 | D:3      | Learned a level 2 spell: Call Imp
 10410 | D:3      | XOM: torment (23/44 hp)
 10432 | D:3      | XOM: cloud trail
 10601 | D:3      | XOM: god gift: 1174 gold pieces
 10607 | D:3      | XOM: give mutation
 10607 | D:3      | Gained mutation: You have a pair of small horns on your
                  | head. [Xom's grace]
 10745 | D:3      | XOM: snakes to sticks
 10815 | D:4      | XOM: smoke on damage
 10899 | D:4      | Noticed a bullfrog
 10906 | D:4      | Killed a bullfrog
 10907 | D:4      | Reached skill level 2 in Evocations
 10907 | D:4      | Reached XP level 6. HP: 20/50 MP: 0/0
 11125 | D:4      | XOM: god gift: 2 atropa-tipped darts
 11211 | D:4      | XOM: 2-stop teleportation journey
 11226 | D:4      | Found a runed translucent door.
 11226 | D:4      | Noticed audacious124's ghost (amateur MDFi)
 11300 | D:4      | XOM: smoke on damage
 11302 | D:4      | XOM: polymorph orc -> bat
 11304 | D:4      | Reached XP level 7. HP: 44/56 MP: 0/0
 11304 | D:4      | Learned a level 3 spell: Summon Ice Beast
 12057 | D:4      | XOM: give mutation
 12057 | D:4      | Lost mutation: You have a pair of small horns on your head.
                  | [Xom's mischief]
 12063 | D:4      | XOM: stat loss: -1 Int (6/8)
 12077 | D:4      | Killed audacious124's ghost
 12078 | D:4      | Reached skill level 3 in Evocations
 12247 | D:5      | Entered Level 5 of the Dungeon
 12286 | D:5      | Reached XP level 8. HP: 36/63 MP: 0/0
 12440 | D:5      | XOM: noise
 12447 | D:5      | XOM: silly message
 12566 | D:5      | Reached skill level 4 in Evocations
 12833 | D:5      | XOM: enchant monster (bad)
 13007 | D:5      | Found a glowing golden altar of the Shining One.
 13221 | D:5      | XOM: give mutations
 13221 | D:5      | Lost mutation: You are robust. (+10% HP) [Xom's mischief]
 13221 | D:5      | Lost mutation: You are agile. (Dex +4, Str/Int -1) [Xom's
                  | mischief]
 13418 | D:6      | XOM: summons 1 hostile demon
 13589 | D:6      | Found Mojidun's One-of-a-Kind Rings.
 13589 | D:6      | XOM: 3-stop teleportation journey
 13641 | D:6      | Bought the ring of Ydghousk {rElec rPois rN+ Dex+3 SH+5
                  | Stlth-} for 787 gold pieces
 13684 | D:6      | Reached XP level 9. HP: 63/63 MP: 0/0
 13684 | D:6      | Learned a level 4 spell: Leda's Liquefaction
 13700 | D:6      | Noticed a two-headed ogre
 13704 | D:6      | XOM: swap monsters
 13713 | D:6      | Reached skill level 5 in Evocations
 13732 | D:6      | XOM: confuse monster(s)
 13737 | D:6      | Killed a two-headed ogre
 13738 | D:6      | Reached skill level 5 in Fighting
 13738 | D:6      | Reached skill level 5 in Dodging
 13862 | D:6      | Lost mutation: Your body sometimes deteriorates upon taking
                  | damage. [potion of mutation]
 13862 | D:6      | Lost mutation: You possess an exceptional clarity of mind.
                  | [potion of mutation]
 13862 | D:6      | Gained mutation: You possess an exceptional clarity of
                  | mind. [potion of mutation]
 13864 | D:6      | XOM: silly message
 14171 | D:6      | XOM: divination: detect creatures
 14217 | D:6      | XOM: 2-stop teleportation journey
 14222 | D:6      | XOM: confuse monster(s)
 14235 | D:6      | XOM: divine lightning
 14236 | D:6      | Reached skill level 6 in Evocations
 14406 | D:6      | XOM: god gift: 27 gold pieces
 14431 | D:6      | Reached skill level 5 in Long Blades
 14453 | D:6      | XOM: smoke on damage
 14472 | D:6      | Reached XP level 10. HP: 37/70 MP: 0/0
 14511 | D:6      | XOM: god gift: 35 gold pieces
 14683 | D:6      | Identified the +2 war axe "Jatut" {heavy, Str+2}
 14995 | D:6      | XOM: confuse monster(s)
 15131 | D:7      | Reached skill level 5 in Spellcasting
 15131 | D:7      | Reached skill level 5 in Conjurations
 15131 | D:7      | Reached skill level 5 in Hexes
 15131 | D:7      | Reached skill level 5 in Summonings
 15131 | D:7      | Reached skill level 5 in Necromancy
 15131 | D:7      | Reached skill level 5 in Translocations
 15131 | D:7      | Reached skill level 5 in Fire Magic
 15131 | D:7      | Reached skill level 5 in Ice Magic
 15131 | D:7      | Reached skill level 5 in Air Magic
 15131 | D:7      | Reached skill level 5 in Earth Magic
 15131 | D:7      | Reached skill level 5 in Alchemy
 15239 | D:7      | XOM: scenery: 1 doors close
 15408 | D:7      | Noticed an ice statue
 15472 | D:7      | Found a staircase to the Ecumenical Temple.
 15548 | D:7      | XOM: smoke on damage
 15641 | D:7      | XOM: fake destruction
 15645 | D:7      | XOM: enchant monster (good)
 15662 | D:7      | XOM: summons friendly crimson imp
 15738 | D:7      | Reached skill level 5 in Armour
 15876 | D:7      | XOM: give mutations
 15876 | D:7      | Gained mutation: You are partially covered in large bone
                  | plates. (SH +4) [Xom's mischief]
 15876 | D:7      | Lost mutation: You are partially covered in large bone
                  | plates. (SH +4) [Xom's mischief]
 15876 | D:7      | Gained mutation: You are clumsy. (Dex -2) [Xom's mischief]
 15876 | D:7      | Lost mutation: You possess an exceptional clarity of mind.
                  | [Xom's mischief]
 16191 | D:7      | XOM: scenery: summon butterflies
 16310 | D:7      | Reached skill level 7 in Evocations
 16326 | D:7      | XOM: scenery: create altars
 16348 | D:7      | XOM: divine lightning
 16386 | D:7      | XOM: god gift: 5 stones
 16395 | D:7      | Found the +2 ratskin cloak {*Rats rPois rN+ Str-1 Int-1
                  | Dex+1}
 16557 | D:8      | XOM: summons friendly crimson imp
 16559 | D:8      | XOM: scenery: 1 doors open
 16563 | D:8      | XOM: destruction
 16591 | D:8      | Found a flagged portal.
 16603 | D:8      | XOM: scenery: 1 doors open
 16648 | Bailey   | Entered a bailey
 16754 | Bailey   | XOM: confuse monster(s)
 16763 | Bailey   | Reached skill level 1 in Shields
 16772 | Bailey   | Noticed an orc knight
 16781 | Bailey   | XOM: swap monsters
 16793 | Bailey   | XOM: draining
 16794 | Bailey   | XOM: draining
 16796 | Bailey   | XOM: enchant monster (bad)
 16813 | Bailey   | XOM: blink monster(s)
 16816 | Bailey   | XOM: polymorph cerulean imp -> cerulean imp
 16835 | Bailey   | XOM: chaos cloud
 16839 | Bailey   | Killed an orc knight
 16905 | Bailey   | Found a large runed translucent door.
 16905 | Bailey   | Found a large runed translucent door.
 16906 | Bailey   | Noticed a deep elf pyromancer
 16991 | Bailey   | Killed a deep elf pyromancer
 16992 | Bailey   | Reached XP level 11. HP: 66/76 MP: 0/0
 16992 | Bailey   | Learned a level 5 spell: Fireball
 17095 | D:8      | XOM: god gift: curare-tipped dart
 17131 | D:8      | Noticed a two-headed ogre
 17135 | D:8      | XOM: summons friendly white imp
 17136 | D:8      | Killed a two-headed ogre
 17180 | D:8      | XOM: scenery: summon butterflies
 17381 | D:8      | XOM: scenery: 1 doors open
 17463 | D:8      | XOM: noise
 17695 | D:9      | Reached skill level 8 in Evocations
 17761 | D:9      | XOM: enchant monster (bad)
 17764 | D:9      | XOM: cast spell 'Olgreb's Toxic Radiance'
 17800 | D:9      | XOM: smoke on damage
 17829 | D:9      | Found a broken altar of Ashenzari.
 17981 | D:9      | Found a burning altar of Makhleb.
 17994 | D:9      | XOM: scenery: 1 doors close
 18000 | D:9      | XOM: 2-stop teleportation journey
 18255 | D:9      | Found a sparkling altar of Nemelex Xobeh.
 18265 | D:9      | XOM: divination: detect creatures
 18558 | D:10     | Entered Level 10 of the Dungeon
 18558 | D:10     | XOM: noise
 18783 | D:9      | XOM: cleaving
 18861 | D:9      | XOM: god gift: glowing scarf {god gift}
 18868 | D:9      | XOM: confusion (+ monsters)
 18873 | D:9      | XOM: polymorph yak -> wind drake
 19039 | D:10     | Lost mutation: You are clumsy. (Dex -2) [potion of
                  | mutation]
 19039 | D:10     | Lost mutation: You are resistant to electric shocks.
                  | (rElec) [potion of mutation]
 19039 | D:10     | Lost mutation: You are very dopey. (Int -4) [potion of
                  | mutation]
 19039 | D:10     | Gained mutation: Your health recovers twice as slowly from
                  | being drained. [potion of mutation]
 19039 | D:10     | Gained mutation: You have a pair of small antennae on your
                  | head. [potion of mutation]
 19066 | D:10     | Found a white marble altar of Elyvilon.
 19104 | D:10     | Found a staircase to the Orcish Mines.
 19119 | D:10     | Reached XP level 12. HP: 64/85 MP: 0/0
 19124 | D:10     | XOM: chaos upgrade
 19127 | D:10     | Reached skill level 9 in Evocations
 19209 | D:10     | XOM: 4-stop teleportation journey
 19488 | D:10     | XOM: give mutations
 19488 | D:10     | Lost mutation: You have a pair of small antennae on your
                  | head. [Xom's mischief]
 19488 | D:10     | Gained mutation: You are occasionally teleported next to
                  | monsters. [Xom's mischief]
 19735 | D:10     | Found a staircase to the Lair.
 19871 | D:11     | XOM: enchant monster (good)
 20006 | D:11     | Noticed Grum
 20053 | D:11     | Killed Grum
 20100 | D:11     | Noticed a two-headed ogre
 20113 | D:11     | Killed a two-headed ogre
 20299 | D:11     | Identified the +8 dagger "Falidu Saga" {speed, +Blink Fly
                  | rN+ Int+2}
 20360 | D:11     | Slain by an unseen horror

Illustrated notes

Levels and vault maps discovered:
D:1:      roderic_chinese_lattice_arrival, layout_basic,
          minmay_indecisive_spiral
D:2:      layout_basic, columned_hall_lemuel, hangedman_decor_growths,
          uniq_natasha
D:3:      layout_rooms, xom_redecorated, nicolae_overflow_hidden_temple,
          minmay_fountain_box, hangedman_decor_clover_reticule,
          hangedman_glass_teeth
D:4:      layout_basic, hellmonk_ghost_happy_afterlife, serial_bayou_ford_a,
          nicolae_kite_square_tiling_tiny
D:5:      layout_loops_ring, tso_oasis_becter, grunt_ministairs_4,
          kennysheep_generic_room_15
D:6:      layout_basic, chequers_serial_rivers_micro_e,
          nicolae_shop_unique_rings, serial_bayou_pond_a,
          nicolae_lava_and_water, st_stairs_14, minmay_gold_behind_fungi
D:7:      lemuel_ice_statue, layout_basic,
          mainiacjoe_overflow_concentric_impassable,
          minmay_temple_entry_from_below_b, minivault_22,
          wander_guarded_unrand_ratskin
D:8:      layout_basic, enter_bailey_2
D:9:      layout_basic, ashenzari_conservatory_becter,
          nemelex_xobeh_ov_fountains_minmay,
          grunt_temple_overflow_lords_of_destruction
D:10:     layout_long_grid, elyvilon_altar_1, kennysheep_vampire_church,
          david_lair_shrubbed, kennysheep_orc_monster_closet_entryway
D:11:     layout_long_grid, uniq_harold, uniq_grum

Skill      XL: |  1  2  3  4  5  6  7  8  9 10 11 12 |
---------------+-------------------------------------+-----
Spellcasting   | 1 2 3 4 5 6 7 |  7.3
Conjurations   | 1 2 3 4 5 6 7 |  7.3
Hexes          | 1 2 3 4 5 6 7 |  7.3
Summonings     | 1 2 3 4 5 6 7 |  7.3
Necromancy     | 1 2 3 4 5 6 7 |  7.3
Translocations | 1 2 3 4 5 6 7 |  7.3
Fire Magic     | 1 2 3 4 5 6 7 |  7.3
Ice Magic      | 1 2 3 4 5 6 7 |  7.3
Air Magic      | 1 2 3 4 5 6 7 |  7.3
Earth Magic    | 1 2 3 4 5 6 7 |  7.3
Alchemy        | 1 2 3 4 5 6 7 |  7.3
Long Blades    | 3 4 5 6 |  6.7
Evocations     | 1 2 3 4 6 7 8 9 |  9.6
Armour         | 2 3 4 5 6 |  6.7
Dodging        | 3 4 5 6 7 |  7.7
Fighting       | 4 5 6 7 |  7.4
Shields        | 1 3 4 |  4.1

Action                     |  1- 3 |  4- 6 |  7- 9 | 10-12 || total
---------------------------+-------+-------+-------+-------++-------
  Melee: Falchion          |    93 |   102 |   293 |   898 ||  1386
         Headbutt          |       |    16 |     4 |       ||    20
   Cast: Call Imp          |       |     4 |    12 |    47 ||    63
         Summon Ice Beast  |       |       |     3 |    31 ||    34
  Evoke: Sack of spiders   |       |       |     2 |     1 ||     3
         Wand              |       |       |       |     3 ||     3
         Condenser vane    |       |       |       |     2 ||     2
    Use: Scroll            |       |       |     9 |     5 ||    14
         Potion            |       |       |     6 |     4 ||    10
   Stab: Sleeping          |     1 |       |       |       ||     1
         Distracted        |       |     1 |     1 |    11 ||    13
         Confused          |       |       |     4 |    10 ||    14
         Paralysed         |       |       |       |     2 ||     2
         Held in net/web   |       |       |       |     1 ||     1
         Petrified         |       |       |       |     1 ||     1
         Petrifying        |       |       |       |     1 ||     1
 Armour: Leather armour    |    61 |    98 |   197 |   606 ||   962
  Dodge: Dodged            |    64 |    78 |   216 |   584 ||   942
  Block: Other             |       |       |    33 |    40 ||    73
         Buckler           |       |       |       |   446 ||   446

Table legend: (Time is in decaauts)
 A = Elapsed time spent in this place.
 B = Non-inter-level travel time spent in this place.
 C = Inter-level travel time spent in this place.
 D = Time resting spent in this place.
 E = Time spent auto-exploring this place.
 F = Levels seen in this place.
 G = Mean time per level.
                   A        B        C        D        E       F      G
               +--------+--------+--------+--------+--------+-----+--------+
         Total |  20464 |  20039 |    425 |   9919 |   7147 |  12 | 1705.3 |
       Dungeon |  20053 |  19628 |    425 |   9885 |   6985 |  11 | 1823.0 |
        Bailey |    410 |    410 |      0 |     34 |    162 |   1 |  410.0 |
               +--------+--------+--------+--------+--------+-----+--------+

Top non-repeatable levels by time:
     D:1: 9098 daAuts
     D:6: 1676 daAuts
     D:7: 1435 daAuts
     D:4: 1356 daAuts
     D:9: 1139 daAuts
     D:5: 1085 daAuts
    D:10: 1044 daAuts
     D:2: 1025 daAuts
     D:3: 891 daAuts
     D:8: 781 daAuts
    D:11: 518 daAuts
  Bailey: 410 daAuts
